 Dungeon Crawl Stone Soup version 0.28.0-45-g0d030f2227 (webtiles) character file.

Game seed: 2446913797947864486

4 GigaChad the Shield-Bearer (level 1, 0/20 HPs)
             Began as a Minotaur Fighter on Apr 14, 2022.
             Slain by an endoplasm (1 damage)
             ... on level 1 of the Dungeon.
             The game lasted 00:00:15 (106 turns).

GigaChad the Shield-Bearer (Minotaur Fighter)        Turns: 106, Time: 00:00:15

Health: 0/20       AC:  7    Str: 20    XL:     1   Next: 58%
Magic:  0/0        EV:  9    Int:  5    God:
Gold:   0          SH:  4    Dex:  9    Spells: 0/0 levels left

rFire   . . .      SeeInvis .   a - +0 long sword
rCold   . . .      Faith    .   c - +0 buckler
rNeg    . . .      Spirit   .   b - +0 scale mail
rPois   .          Reflect  .   (helmet restricted)
rElec   .          Harm     .   (no cloak)
rCorr   .          Rampage  .   (no gloves)
Will    .....                   (no boots)
Stlth   ..........              (no amulet)
HPRegen 0.06/turn               (no ring)
MPRegen 0.07/turn               (no ring)

@: no status effects
A: horns 2, retaliatory headbutt
a: no special abilities


You were on level 1 of the Dungeon.
You visited 1 branch of the dungeon, and saw 1 of its levels.

Inventory:

Hand Weapons
 a - a +0 long sword (weapon)
 e - a +1 dagger of venom
Armour
 b - a +0 scale mail (worn)
 c - a +0 buckler (worn)
Potions
 d - a potion of might


   Skills:
 + Level 3.7 Fighting
 + Level 2.4 Long Blades
 + Level 3.7 Armour
 + Level 3.7 Shields


You couldn't memorise any spells.
You didn't know any spells.
Your spell library contained the following spells:

 Spells                   Type           Power      Damage    Failure   Level
 Ensorcelled Hibernation  Hex/Ice        0%         N/A       96%         2
 Spider Form              Tmut/Pois      0%         N/A       99%         3
 Anguish                  Hex/Necr       0%         N/A       100%        4


Dungeon Overview and Level Annotations

Branches:
Dungeon (1/15)

Altars:


Innate Abilities, Weirdness & Mutations

You have a pair of horns on your head.
You reflexively headbutt those who attack you in melee.


Message History

You are frozen.
The frilled lizard bites you.
You closely miss the frilled lizard. You headbutt the frilled lizard.
You kill the frilled lizard!
The endoplasm barely misses you. x2
An endoplasm comes into view.
The endoplasm freezes you.
You are frozen.
The hobgoblin hits you but does no damage.
You barely miss the hobgoblin. The endoplasm freezes you.
You are frozen.
The endoplasm barely misses you.
The hobgoblin hits you but does no damage.
You hit the endoplasm but do no damage.
The endoplasm is severely wounded.
You block the endoplasm's attack. The endoplasm freezes you.
You are frozen.
The hobgoblin hits you.
* * * LOW HITPOINT WARNING * * *
You closely miss the hobgoblin. Your headbutt misses the hobgoblin.
The endoplasm freezes you.
You are frozen.
* * * LOW HITPOINT WARNING * * *
The endoplasm hits you but does no damage.
You block the hobgoblin's attack.
The endoplasm hits you but does no damage.
You block the endoplasm's attack. The hobgoblin hits you.
* * * LOW HITPOINT WARNING * * *
You slash the endoplasm!
You kill the endoplasm!
The endoplasm hits you but does no damage.
The hobgoblin hits you.
* * * LOW HITPOINT WARNING * * *
The hobgoblin barely misses you.
The endoplasm hits you but does no damage.
Things that are here:
a +0 club; a goblin corpse You hit the hobgoblin.
The hobgoblin is heavily wounded.
The endoplasm hits you.
You die...

##.#.# . ...#.# #..#..#
#.....^
.....#+####..#..#####.....##
.............#....
........##.
................####.....?...
................#.. .......#
.....#'####.....#.###......#
+###.#.####......J....†....#
.#...#..........@gJ).......#
.#..#####.#.#####.###......#
...#.###.##..# #.# #...)..#
.####.#.####.# #.# ##+#+#.#
.## ##.## ##.# ##'####+#.# #
#.###.#.###.## #.........#
##.#.#.#.#.#####..†......#
##.#.<.#.###.............
##.#.#.#.#.##.###'#......#


You could see 2 endoplasms and a hobgoblin.

Vanquished Creatures
  An endoplasm (D:1)
  A goblin (D:1)
  A kobold (D:1)
  A frilled lizard (D:1)
4 creatures vanquished.

Notes
Turn   | Place    | Note
-------+----------+-------------------------------------------
     0 | D:1      | GigaChad the Minotaur Fighter began the quest for the Orb.
     0 | D:1      | Reached XP level 1. HP: 19/19 MP: 0/0
    99 | D:1      | HP: 1/20 [hobgoblin (2)]
   106 | D:1      | Slain by an endoplasm

Illustrated notes

Levels and vault maps discovered:
D:1:      minmay_arrival_diagonal_passages, layout_basic,
          hangedman_decor_riveting, st_stairs_5, minmay_misc_feat_doors,
          minmay_hexomino_u4

Action                   || total
-------------------------++-------
Melee: Long sword        ||     9
       Headbutt          ||     1
Armor: Scale mail        ||     7
Dodge: Dodged            ||     6
Block: Buckler           ||     4
